AoeStats
← 啊超

Oasis

507299678Analyzed
4v4 RM · 14d ago on Sep 17, 2026· 50m 58s· 8 players
Game mode
Random Map
Map size
Large (8 player)
Population
200
Speed
Normal
Resources
Standard
Victory
Conquest
Starting age
Dark Age
Ending age
Imperial Age
RankedLock teamsTeams togetherTeam positionsShared explorationLock speedFull tech treeHidden civsTurbo modeCheats
Victory
Defeat
🇰🇷 Georgians · South Korea
1191
+17
🇮🇳 Persians · India
1176
+17
🇨🇳 Magyars · China
1165
+18
🇹🇼 Portuguese · Taiwan
1151
+18
🇨🇳 Slavs · China
1287
-21
🇨🇳 Franks · China
1196
-17
🇦🇷 Ethiopians · Argentina
1187
-17
🇨🇭 Spanish · Switzerland
1146
-15
kdu0687
10:40 Feudal Age
15:58 Castle Age
15:16 Loom
16:14 Wheelbarrow
15:56 Horse Collar
16:02 Double-Bit Axe
17:33 Heavy Plow
23:47 Bow Saw
23:52 Stone Mining
27:04 Treadmill Crane
30:58 Imperial Age
30:15 Bloodlines
30:20 Gold Mining
31:08 Stone Shaft Mining
31:16 Forging
31:12 Scale Barding Armor
32:45 Conscription
31:46 Elite Monaspa
31:50 Pikeman
33:09 Halberdier
34:17 Squires
35:18 Hand Cart
35:36 Ballistics
35:13 Murder Holes
36:25 Aznauri Cavalry
37:31 Scale Mail Armor
38:31 Iron Casting
38:16 Chain Barding Armor
38:45 Chain Mail Armor
40:07 Blast Furnace
40:07 Crop Rotation
40:41 Plate Barding Armor
39:54 Arson
40:24 Fortified Wall
40:23 Svan Towers
41:20 Siege Engineers
41:27 Masonry
41:09 Arrowslits
45:10 Plate Mail Armor
44:30 Fletching
45:52 Chemistry
45:23 Architecture
46:03 Bodkin Arrow
45:55 Elite Skirmisher
49:17 Bracer
49:19 Padded Archer Armor
49:22 Husbandry
uu
12:11 Feudal Age
13:33 Loom
16:51 Castle Age
14:47 Double-Bit Axe
15:09 Horse Collar
17:59 Heavy Plow
18:10 Bow Saw
19:30 Wheelbarrow
24:37 Stone Mining
24:40 Gold Mining
25:40 Hand Cart
26:21 Gold Shaft Mining
28:05 Ballistics
30:53 Imperial Age
28:45 Treadmill Crane
29:16 Fletching
29:26 Padded Archer Armor
29:40 Caravan
29:45 Corvinian Army
31:02 Masonry
31:12 Husbandry
31:23 Bloodlines
31:22 Bodkin Arrow
31:42 Leather Archer Armor
32:12 Bracer
33:14 Chemistry
33:32 Two-Man Saw
33:21 Crop Rotation
33:31 Parthian Tactics
33:45 Ring Archer Armor
33:46 Scale Barding Armor
34:09 Conscription
34:14 Thumb Ring
34:43 Elite Magyar Huszar
35:34 Heavy Cavalry Archer
35:50 Elite Magyar Huszar
36:39 Recurve Bow
38:39 Chain Barding Armor
39:08 Hoardings
39:12 Siege Engineers
38:34 Elite Magyar Huszar
47:46 Plate Barding Armor
AAOA
6:44 Loom
10:06 Feudal Age
10:37 Town Watch
11:19 Double-Bit Axe
17:23 Fletching
23:12 Castle Age
21:09 Horse Collar
21:30 Gold Mining
23:32 Stone Mining
24:04 Bow Saw
23:16 Crossbowman
23:52 Bodkin Arrow
26:57 Wheelbarrow
26:38 Padded Archer Armor
29:53 Leather Archer Armor
34:03 Imperial Age
33:40 Ballistics
34:51 Stone Shaft Mining
34:25 Caravan
35:04 Bracer
36:25 Chemistry
37:21 Sappers
38:14 Conscription
38:34 Arbalester
41:05 Ring Archer Armor
43:01 Pikeman
45:26 Forging
45:16 Scale Mail Armor
44:40 Halberdier
48:30 Iron Casting
48:11 Chain Mail Armor
50:22 Hand Cart
49:33 Elite Skirmisher
52:03 Blast Furnace
51:35 Plate Mail Armor
Aloo D Potato
9:08 Loom
10:53 Feudal Age
18:33 Castle Age
17:07 Double-Bit Axe
18:21 Horse Collar
22:17 Heavy Plow
24:24 Bow Saw
25:25 Gold Mining
27:04 Stone Mining
27:58 Wheelbarrow
27:09 Town Watch
34:34 Imperial Age
34:51 Scale Barding Armor
34:56 Forging
36:10 Chain Barding Armor
37:12 Iron Casting
37:28 Conscription
38:30 Caravan
40:06 Two-Man Saw
39:38 Crop Rotation
39:45 Gold Shaft Mining
40:57 Kamandaran
40:54 Fletching
41:43 Ballistics
41:26 Padded Archer Armor
41:58 Bodkin Arrow
41:32 Crossbowman
42:19 Thumb Ring
43:50 Iron Casting
43:41 Chain Barding Armor
44:46 Stone Shaft Mining
44:56 Plate Barding Armor
44:36 Leather Archer Armor
45:33 Chemistry
45:52 Guilds
46:16 Coinage
45:12 Elite War Elephant
47:36 Ring Archer Armor
48:17 Iron Casting
47:42 Murder Holes
47:57 Masonry
48:02 Citadels
啊超
10:54 Feudal Age
11:46 Loom
16:06 Castle Age
14:11 Double-Bit Axe
18:12 Bow Saw
31:25 Imperial Age
30:05 Forging
30:00 Scale Barding Armor
29:58 Gold Mining
30:14 Husbandry
31:33 Wheelbarrow
32:08 Iron Casting
31:40 Cavalier
34:52 Blast Furnace
33:52 Scale Mail Armor
34:15 Chain Barding Armor
34:29 Chivalry
34:28 Paladin
35:46 Scale Mail Armor
37:16 Chemistry
36:34 Pikeman
37:00 Arson
37:16 Squires
37:02 Gambesons
39:31 Chain Mail Armor
39:52 Plate Barding Armor
38:45 Halberdier
42:34 Plate Mail Armor
LY
0:47 Loom
11:34 Feudal Age
16:41 Castle Age
14:57 Double-Bit Axe
15:53 Gold Mining
15:56 Horse Collar
16:42 Stone Mining
16:52 Town Watch
17:33 Bow Saw
19:30 Bloodlines
26:12 Wheelbarrow
25:40 Heavy Plow
32:49 Imperial Age
31:01 Forging
31:24 Ballistics
31:55 Scale Barding Armor
32:26 Iron Casting
31:43 Fletching
32:30 Gold Shaft Mining
33:07 Chain Barding Armor
34:31 Conscription
35:34 Two-Man Saw
35:36 Blast Furnace
35:13 Plate Barding Armor
34:35 Bodkin Arrow
35:46 Chemistry
35:23 Padded Archer Armor
36:01 Crop Rotation
35:37 Elite Boyar
37:00 Leather Archer Armor
39:07 Hand Cart
38:53 Town Patrol
44:53 Ring Archer Armor
47:38 Caravan
47:30 Elite Skirmisher
49:36 Squires
Poulet Grill
7:01 Loom
8:59 Feudal Age
20:31 Castle Age
18:22 Horse Collar
18:29 Double-Bit Axe
19:53 Bloodlines
20:22 Stone Mining
21:03 Padded Archer Armor
22:09 Bow Saw
22:01 Heavy Plow
23:35 Husbandry
23:42 Scale Mail Armor
26:36 Gold Mining
36:04 Fletching
36:15 Padded Archer Armor
36:47 Bodkin Arrow
37:29 Thumb Ring
39:12 Leather Archer Armor
39:35 Wheelbarrow
43:52 Imperial Age
42:05 Ballistics
45:46 Bracer
46:16 Ring Archer Armor
47:03 Chemistry
47:20 Pikeman
48:00 Squires
Level
7:38 Loom
10:11 Feudal Age
11:32 Double-Bit Axe
16:17 Horse Collar
20:06 Castle Age
19:04 Fletching
20:19 Padded Archer Armor
20:13 Crossbowman
20:55 Bodkin Arrow
22:34 Wheelbarrow
22:15 Gold Mining
23:00 Bow Saw
24:21 Fortified Wall
24:57 Ballistics
25:17 Stone Mining
26:04 Gold Shaft Mining
26:42 Leather Archer Armor
27:26 Thumb Ring
32:12 Imperial Age
31:08 Heavy Plow
34:08 Chemistry
34:14 Bracer
34:57 Arbalester
35:52 Masonry
37:48 Stone Shaft Mining
38:03 Ring Archer Armor
39:33 Architecture
40:59 Conscription
41:49 Torsion Engines
43:58 Two-Man Saw
49:42 Caravan
Connection lost

Rejoining the realm…

Still unreachable

The connection could not be restored.

Session expired

The server has moved on; the page needs a fresh start.